Map: Ley Lines

Players

Marador

  • Race: Terran Terran
  • League: Master
  • Spawn Location: 1:00

Sonki - Winner!

  • Race: Zerg Zerg
  • League: Master
  • Spawn Location: 7:00

VOD

Have the link to the VOD?

Description

Time

  • Played on: June 29, 2025, 5:38 p.m.
  • Length: 15:13
Show
View Real Time Build Order
Export as new Build Order

Marador Terran 

Build Orders: Reaper Expand, Hellion Banshee 

Get SALT Encoding   

  12  0:00  SCV  
  13  0:12  SCV  
  14  0:17  Supply Depot  
  14  0:24  SCV  
  15  0:39  SCV  
  15  0:40  Barracks  
  16  0:45  Refinery  
  16  0:51  SCV  
  17  1:03  SCV  
  18  1:15  SCV  
  19  1:28  Orbital Command  
  19  1:30  Reaper  
  20  1:40  Command Center  
  20  1:55  SCV  
  21  2:02  Supply Depot, Barracks Reactor  
  21  2:07  SCV  
  22  2:19  SCV  
  23  2:26  Factory  
  23  2:27  Refinery  
  23  2:38  Marine  
  23  2:39  Marine  
  25  2:44  SCV  
  26  2:51  Orbital Command  
  26  2:56  SCV  
  27  3:08  SCV  
  27  3:12  Starport  
  28  3:16  Barracks Tech Lab  
  28  3:17  Hellion x2  
  28  3:18  SCV  
  33  3:20  SCV  
  34  3:27  Supply Depot  
  34  3:30  SCV  
  34  3:32  SCV  
  36  3:42  SCV  
  36  3:44  Barracks Tech Lab  
  36  3:45  SCV, Command Center  
  36  3:46  Hellion  
  36  3:47  Hellion  
  42  3:54  SCV  
  43  3:55  Viking  
  43  3:57  SCV  
  43  3:59  Cloaking Field  
  46  4:03  Supply Depot  
  46  4:06  Stimpack  
  46  4:13  SCV  
  46  4:14  SCV  
  48  4:22  Hellion x2  
  52  4:26  Banshee  
  55  4:37  SCV x2  
  57  4:42  Marauder  
  59  4:49  SCV x2, Factory Reactor  
  59  4:50  Barracks x2  
  61  4:55  Refinery  
  61  4:58  Supply Depot  
  61  5:00  Orbital Command  
  61  5:01  SCV x2  
  63  5:16  Marine  
  64  5:26  SCV x3  
  67  5:34  Marine  
  68  5:38  SCV x3, Starport Reactor  
  68  5:40  Barracks, Engineering Bay  
  68  5:41  Barracks, Engineering Bay  
  71  5:46  Marine x2  
  71  5:47  Siege Tank  
  76  5:50  SCV  
  76  5:51  Marine  
  78  6:04  Marine  
  69  6:30  Marine x2  
  69  6:31  Marine x3  
  69  6:32  Barracks Reactor x2  
  70  6:33  Terran Infantry Armor Level 1, Terran Infantry Weapons Level 1  
  70  6:39  Orbital Command  
  70  6:40  Medivac, Siege Tank  
  70  6:41  Medivac  
  77  6:48  Marine x5  
  77  6:51  Refinery  
  82  6:54  Supply Depot  
  82  6:55  Combat Shield  
  82  7:02  Supply Depot x2  
  82  7:03  Supply Depot  
  82  7:06  Marine x3  
  85  7:15  SCV, Marine  
  85  7:16  SCV x2, Marine x5  
  85  7:21  Bunker  
  92  7:23  Marine  
  92  7:24  Marine x2  
  92  7:27  SCV  
  92  7:28  SCV x2  
  64  7:30  Medivac x2  
  98  7:32  Marine  
  98  7:34  Supply Depot  
  98  7:36  Supply Depot  
  103  7:39  SCV  
  103  7:40  SCV  
  103  7:41  Supply Depot, SCV  
  106  7:44  Marine, Refinery  
  106  7:45  Refinery  
  107  7:51  SCV  
  108  7:59  Marine  
  108  8:02  Marine x8  
  114  8:08  Siege Tank  
  114  8:11  Medivac x2  
  121  8:13  SCV x3  
  121  8:14  Factory  
  121  8:16  Marine  
  121  8:19  Marine  
  125  8:25  SCV x3  
  129  8:29  Marine x7  
  136  8:34  Marine  
  136  8:37  SCV x2, Marine  
  140  8:46  Marine  
  140  8:47  Marine  
  141  8:55  Armory  
  141  9:11  Factory Tech Lab  
  141  9:21  Supply Depot  
  141  9:22  Supply Depot  
  141  9:23  Supply Depot x2  
  141  9:24  Supply Depot  
  141  9:34  Marine x2  
  141  9:35  Marine x2  
  141  9:42  Medivac x2, Marine x4  
  141  9:44  Marine, Siege Tank x2  
  141  9:45  Supply Depot, Terran Infantry Weapons Level 2  
  156  9:46  Terran Infantry Armor Level 2  
  156  9:47  Supply Depot, Terran Vehicle Weapons Level 1  
  156  9:50  Supply Depot x3  
  156  9:52  Supply Depot, Marine x2  
  158  9:55  Bunker  
  158  9:57  Bunker  
  158  9:58  Bunker  
  158  10:00  Marine x2  
  158  10:01  Marauder  
  158  10:04  Command Center, Marine  
  158  10:05  Marine x3  
  166  10:10  Marine x2  
  167  10:16  Siege Tank  
  167  10:18  Marine x2  
  170  10:22  Marine x2, Marauder  
  170  10:26  Siege Tank  
  168  10:28  Liberator x2  
  168  10:35  Marine x4  
  173  10:36  Marine x2  
  173  10:40  Marine x2  
  180  10:43  Marauder  
  180  10:48  Siege Tank  
  185  10:53  Command Center, Marine x2  
  155  11:05  Marauder  
  153  11:20  Marine x2  
  153  11:21  Marine  
  151  11:26  Marauder  
  151  11:27  Marine  
  151  11:28  Marine x2, Siege Tank  
  151  11:29  Planetary Fortress, Siege Tank  
  162  11:39  Marine x3  
  156  11:40  Marine x2  
  156  11:45  Marine x3  
  166  11:48  Marauder  
  168  11:57  Marine x4  
  168  11:58  Marine  
  168  12:00  Liberator x2, Siege Tank  
  178  12:03  Marine  
  178  12:04  SCV x2  
  181  12:09  Marauder  
  183  12:19  Marine x6  
  183  12:20  Marine  
  190  12:30  Marauder  
  192  12:41  Marine x2  
  192  12:42  Marine x2  
  182  12:52  Marauder  
  182  12:55  Liberator x2  
  182  12:57  Siege Tank x2  
  196  13:00  Barracks x2  
  196  13:02  Barracks  
  196  13:13  Marauder  
  167  13:34  Marauder  
  167  13:38  Liberator x2  
  153  13:56  Marauder  
  153  13:57  SCV x3  
  158  14:09  SCV x2  
  161  14:10  SCV  
  161  14:21  SCV x2  
  161  14:22  SCV  
  133  14:30  Marine  
  133  14:31  Marine x8  
  129  14:33  Barracks Tech Lab x3, SCV x2  
  129  14:34  SCV  
  121  14:45  SCV x2  
  121  14:46  SCV  
  121  14:48  Marine  
  121  14:49  Marine x7, Marauder  
Show
View Real Time Build Order
Export as new Build Order

Sonki Zerg - Winner!

Build Orders: Hatch First 

Get SALT Encoding   

  12  0:00  Drone  
  13  0:08  Drone  
  14  0:14  Extractor  
  14  0:15  Drone  
  15  0:21  Overlord  
  15  0:41  Drone  
  16  0:46  Hatchery  
  16  0:49  Drone  
  16  0:52  Drone  
  16  0:56  Drone  
  18  1:06  Extractor  
  17  1:12  Spawning Pool  
  17  1:14  Drone  
  17  1:18  Drone  
  18  1:26  Drone  
  19  1:38  Drone  
  20  1:49  Drone  
  21  1:59  Zergling x4, Queen x2  
  27  2:09  Overlord  
  27  2:11  Drone  
  28  2:28  Hatchery  
  28  2:29  Drone x2  
  29  2:35  Drone x2  
  31  2:39  Metabolic Boost  
  31  2:43  Drone x2  
  33  2:52  Drone  
  33  2:53  Drone  
  35  3:02  Overlord  
  35  3:05  Queen  
  35  3:06  Extractor  
  35  3:07  Extractor, Drone  
  35  3:12  Overlord  
  38  3:19  Overlord  
  38  3:21  Drone x2  
  38  3:22  Drone x4  
  44  3:29  Queen  
  46  3:35  Drone x2  
  48  3:44  Drone x3  
  48  3:45  Drone x2, Zergling x2  
  48  3:46  Zergling x2  
  55  3:50  Zergling x4  
  57  3:59  Queen  
  57  4:01  Overlord  
  59  4:03  Drone x3  
  62  4:13  Drone  
  62  4:14  Extractor x2, Drone x2  
  62  4:15  Drone x2  
  62  4:16  Overlord, Drone  
  66  4:21  Overlord  
  66  4:23  Drone x2  
  68  4:29  Overlord  
  69  4:31  Drone  
  69  4:38  Drone x3  
  72  4:44  Drone  
  73  4:50  Evolution Chamber  
  72  4:55  Evolution Chamber, Roach Warren  
  72  4:56  Drone  
  72  4:58  Zergling x4  
  72  4:59  Zergling x6  
  76  5:03  Overlord, Drone  
  76  5:04  Drone x3  
  80  5:09  Overlord  
  78  5:18  Overlord  
  78  5:21  Drone x3  
  81  5:24  Zerg Melee Weapons Level 1, Zerg Ground Armor Level 1  
  81  5:26  Overlord  
  81  5:31  Overlord  
  81  5:33  Extractor  
  81  5:34  Extractor  
  79  5:37  Drone x3  
  79  5:38  Drone x3  
  79  5:39  Lair  
  85  5:43  Baneling Nest  
  84  5:50  Extractor  
  84  5:53  Roach x3  
  84  5:54  Spore Crawler  
  84  5:55  Queen x2  
  90  5:59  Spore Crawler  
  86  6:06  Roach x3  
  86  6:07  Roach  
  84  6:26  Drone x3  
  84  6:31  Queen x2  
  84  6:32  Overlord  
  88  6:33  Roach x4  
  88  6:37  Glial Reconstitution  
  88  6:38  Overseer  
  88  6:39  Centrifugal Hooks  
  96  6:42  Hatchery  
  95  6:47  Drone x2  
  95  6:48  Drone  
  95  6:49  Drone  
  95  6:50  Drone x2  
  95  6:51  Zergling x4  
  95  6:53  Overseer  
  103  6:58  Overlord  
  103  7:07  Queen x2  
  103  7:08  Roach x2  
  111  7:19  Zerg Melee Weapons Level 2, Zerg Ground Armor Level 2  
  111  7:24  Zergling x18  
  120  7:40  Drone x2  
  120  7:41  Infestation Pit  
  119  7:49  Extractor  
  119  7:50  Drone x6  
  119  7:51  Drone x2  
  126  7:52  Spore Crawler  
  126  7:54  Extractor  
  126  7:57  Drone x2  
  126  7:58  Hatchery  
  125  8:06  Pneumatized Carapace  
  125  8:08  Drone x2  
  125  8:09  Drone x3  
  125  8:10  Overlord, Drone  
  131  8:13  Overlord  
  131  8:14  Overlord  
  131  8:16  Overlord x2  
  131  8:17  Roach  
  131  8:18  Roach x3  
  139  8:22  Zergling x2  
  139  8:23  Hive  
  140  8:32  Overlord  
  140  8:37  Roach  
  140  8:38  Roach x9  
  158  8:47  Hatchery  
  155  8:49  Extractor, Spore Crawler  
  155  8:50  Extractor  
  155  8:53  Spire  
  151  9:00  Overlord  
  151  9:03  Zergling x2  
  151  9:04  Zergling x22  
  159  9:10  Baneling x6  
  159  9:11  Ravager x3  
  159  9:12  Ravager x3  
  165  9:19  Drone x4  
  169  9:29  Zergling x4  
  169  9:30  Zergling x18  
  180  9:34  Baneling x3  
  179  9:38  Overlord  
  179  9:41  Zerg Melee Weapons Level 3, Zerg Ground Armor Level 3  
  179  9:44  Ultralisk Cavern, Viper  
  179  9:45  Viper x2  
  187  9:59  Zergling x2  
  188  10:00  Zergling x22  
  188  10:02  Hatchery  
  198  10:08  Zerg Flyer Weapons Level 1  
  198  10:09  Spore Crawler  
  198  10:12  Spore Crawler  
  187  10:40  Chitinous Plating  
  187  10:41  Ultralisk x2  
  189  11:02  Zergling x14  
  189  11:03  Zergling x22  
  184  11:10  Ultralisk x2  
  196  11:18  Drone x7  
  200  11:38  Drone x2  
  199  11:43  Baneling  
  199  11:44  Baneling x8  
  199  11:45  Spore Crawler  
  198  11:58  Anabolic Synthesis  
  198  12:04  Corruptor  
  198  12:05  Zerg Flyer Weapons Level 2  
  200  12:15  Hatchery  
  199  12:16  Extractor, Hatchery  
  199  12:18  Extractor  
  196  12:23  Corruptor x2  
  196  12:28  Zerg Missile Weapons Level 1  
  198  13:00  Spine Crawler  
  198  13:01  Spore Crawler  
  198  13:02  Spore Crawler  
  198  13:03  Spore Crawler  
  180  13:28  Zergling x2  
  180  13:29  Zergling x20, Ultralisk  
  133  13:49  Ultralisk  
  133  13:50  Ultralisk x8, Corruptor x6  
  133  13:51  Zergling x6  
  133  13:52  Zergling x14  
  133  13:54  Baneling x11  
  197  14:09  Zergling x4  
  197  14:17  Spine Crawler, Corruptor  
  197  14:18  Corruptor, Spore Crawler  
  187  14:25  Zergling x26  
  197  14:40  Zergling x10  
  199  14:56  Drone  
Tags
 
Add a new tag
Caveats
  • Supply blocks, unpowered buildings, or Contaminate may cause inaccurate times.
  • Supply counts are checked every 10 seconds.